AoeStats
← eloycorsob

Black Forest

509938810Analyzed
3v3 RM · 5d ago on Sep 28, 2026· 61m 24s· 6 players
Game mode
Random Map
Map size
Normal (6 player)
Population
200
Speed
Normal
Resources
Standard
Victory
Conquest
Starting age
Dark Age
Ending age
Imperial Age
RankedLock teamsTeams togetherTeam positionsShared explorationLock speedFull tech treeHidden civsTurbo modeCheats
Victory
Defeat
🇨🇭 Danes · Switzerland
744
+10
🇨🇭 Romans · Switzerland
736
+10
🇦🇹 Persians · Austria
729
+11
🇵🇱 Teutons · Poland
618
-11
🇷🇺 Burgundians · Russia
610
-10
🇪🇸 Chinese · Spain
600
-10
splashii
0:46 Loom
17:56 Feudal Age
30:34 Castle Age
30:16 Double-Bit Axe
35:34 Pikeman
36:14 Squires
36:01 Gambesons
36:20 Scale Mail Armor
36:31 Forging
45:22 Imperial Age
45:23 Onager
46:27 Fortified Wall
47:21 Chemistry
46:19 Halberdier
48:10 Siege Engineers
50:58 Iron Casting
50:39 Chain Mail Armor
50:48 Elite Teutonic Knight
51:52 Conscription
53:28 Hoardings
53:15 Bow Saw
54:43 Blast Furnace
54:13 Plate Mail Armor
53:58 Capped Ram
FRnD1Y💕
12:31 Wheelbarrow
13:30 Feudal Age
14:36 Wheelbarrow
13:52 Double-Bit Axe
17:56 Fletching
18:07 Padded Archer Armor
23:17 Castle Age
21:21 Stone Mining
21:28 Gold Mining
23:40 Forging
23:31 Scale Mail Armor
23:37 Scale Barding Armor
25:21 Hand Cart
25:26 Bow Saw
26:10 Horse Collar
26:29 Pikeman
29:42 Chain Barding Armor
30:02 Squires
30:54 Iron Casting
31:46 Caravan
35:43 Imperial Age
32:59 Town Watch
35:10 Fortified Wall
35:21 Ballistics
39:31 Chemistry
40:45 Conscription
41:31 Blast Furnace
40:46 Chain Mail Armor
41:08 Plate Barding Armor
47:36 Elite Coustillier
55:28 Halberdier
eloycorsob
0:38 Loom
16:14 Feudal Age
20:11 Double-Bit Axe
20:11 Horse Collar
22:41 Gold Mining
22:42 Stone Mining
23:31 Wheelbarrow
26:33 Castle Age
27:03 Fletching
27:14 Padded Archer Armor
27:48 Crossbowman
28:34 Thumb Ring
28:59 Squires
28:45 Arson
29:18 Bow Saw
30:42 Caravan
31:21 Gold Shaft Mining
31:50 Stone Shaft Mining
35:31 Heavy Plow
35:38 Great Wall
37:02 Ballistics
36:53 Masonry
37:07 Bodkin Arrow
37:55 Murder Holes
38:19 Fortified Wall
38:46 Leather Archer Armor
40:01 Forging
44:13 Imperial Age
42:18 Guard Tower
42:21 Heated Shot
45:26 Rocketry
46:02 Elite Fire Lancer
46:25 Pikeman
49:54 Chemistry
50:06 Arbalester
50:22 Halberdier
51:57 Architecture
52:01 Heavy Rocket Cart
52:05 Capped Ram
53:36 Bombard Tower
Profis
1:04 Loom
12:40 Feudal Age
16:42 Castle Age
14:34 Horse Collar
15:17 Double-Bit Axe
25:45 Fervor
25:56 Sanctity
26:55 Heavy Plow
27:08 Bow Saw
28:16 Wheelbarrow
27:26 Town Watch
30:41 Hand Cart
30:26 Town Patrol
33:06 Imperial Age
31:56 Caravan
33:53 Onager
35:45 Chemistry
34:50 Siege Engineers
35:13 Scale Mail Armor
35:24 Forging
35:05 Fletching
35:41 Conscription
35:18 Northmen's Fury
37:11 Stone Mining
37:11 Gold Mining
37:18 Siege Onager
37:20 Heavy Scorpion
38:39 Hoardings
38:23 Chain Mail Armor
41:55 Elite Jomsviking
43:08 Plate Mail Armor
43:13 Iron Casting
42:34 Bodkin Arrow
43:13 Ballistics
42:42 Hamask
44:45 Masonry
47:35 Blast Furnace
46:36 Bracer
50:32 Squires
50:17 Arson
50:24 Gambesons
52:38 Thumb Ring
52:38 Husbandry
52:49 Bloodlines
wat!
2:26 Loom
14:49 Feudal Age
18:13 Castle Age
16:18 Horse Collar
16:26 Double-Bit Axe
19:54 Bow Saw
19:47 Heavy Plow
22:51 Stone Mining
25:43 Wheelbarrow
25:44 Gold Mining
27:07 Caravan
29:37 Redemption
34:40 Imperial Age
32:28 Hand Cart
31:58 Town Watch
32:53 Gold Shaft Mining
32:20 Fletching
33:52 Ballistics
33:44 Masonry
33:45 Fortified Wall
34:39 Town Patrol
34:52 Bodkin Arrow
34:57 Padded Archer Armor
35:09 Heavy Scorpion
36:32 Ballistas
36:49 Conscription
37:27 Comitatenses
38:38 Chemistry
38:25 Siege Engineers
38:51 Sappers
39:25 Squires
38:46 Pikeman
39:49 Atonement
40:01 Fervor
41:09 Coinage
40:01 Halberdier
40:02 Man-at-Arms
40:52 Husbandry
41:02 Bloodlines
40:16 Elite Skirmisher
41:08 Bloodlines
40:40 Light Cavalry
41:38 Block Printing
41:49 Illumination
41:19 Herbal Medicine
40:52 Crossbowman
41:39 Devotion
41:55 Forging
43:18 Guilds
43:39 Banking
42:58 Cavalier
46:07 Architecture
45:07 Elite Centurion
46:31 Scale Barding Armor
47:01 Iron Casting
47:17 Crop Rotation
46:52 Murder Holes
46:48 Guard Tower
47:30 Faith
47:03 Heavy Cavalry Archer
48:06 Careening
48:14 Leather Archer Armor
48:00 Scale Mail Armor
48:51 Keep
48:53 Chain Barding Armor
49:46 Blast Furnace
48:58 Capped Ram
49:02 Onager
50:22 Clinker Construction
50:29 Chain Mail Armor
50:46 Chain Mail Armor
51:01 Ring Archer Armor
50:13 Siege Ram
50:34 Long Swordsman
52:19 Plate Barding Armor
52:07 Carvel Hull
52:48 Shipwright
53:53 Legionary
30 sheeps
1:00 Loom
15:52 Feudal Age
18:01 Fletching
21:42 Castle Age
21:36 Double-Bit Axe
21:35 Horse Collar
23:43 Guard Tower
29:52 Heavy Plow
31:01 Wheelbarrow
30:11 Town Watch
30:44 Town Watch
33:22 Bow Saw
33:05 Gold Mining
33:05 Stone Mining
34:53 Masonry
35:04 Hand Cart
38:04 Caravan
38:28 Town Patrol
40:08 Gold Shaft Mining
40:08 Stone Shaft Mining
42:53 Imperial Age
44:18 Chemistry
43:48 Architecture
44:30 Two-Man Saw
44:02 Crop Rotation
43:33 Murder Holes
43:56 Guilds
44:26 Scale Barding Armor
44:32 Forging
44:17 Bodkin Arrow
44:31 Herbal Medicine
46:04 Conscription
45:56 Citadels
46:11 Ballistics
46:14 Chain Barding Armor
46:34 Iron Casting
45:58 Bodkin Arrow
47:22 Hoardings
47:06 Bloodlines
46:56 Husbandry
46:27 Cavalier
48:18 Elite War Elephant
50:47 Onager
50:47 Capped Ram
53:16 Plate Barding Armor
53:42 Blast Furnace
54:20 Pikeman
55:01 Squires
55:31 Siege Ram
55:32 Heavy Scorpion
57:39 Scale Mail Armor
57:43 Padded Archer Armor
57:04 Savar
58:50 Light Cavalry
60:34 Devotion
60:26 Halberdier
60:26 Man-at-Arms
60:51 Gambesons
60:52 Arson
Connection lost

Rejoining the realm…

Still unreachable

The connection could not be restored.

Session expired

The server has moved on; the page needs a fresh start.